 Dungeon Crawl Stone Soup version 0.31.0-11-ge490571c62 (webtiles) character file.

Game seed: 12965615880772109713

2051 mopl the Summoner (level 9, -3/45 HPs)
             Began as a Tengu Summoner on Feb 5, 2024.
             Was an Initiate of Sif Muna.
             Killed from afar by a gargoyle (22 damage)
             ... with a stone arrow
             ... on level 7 of the Dungeon.
             The game lasted 00:11:21 (4927 turns).

mopl the Summoner (Tengu Summoner)                  Turns: 4927, Time: 00:11:22

Health: -3/45      AC:  3    Str:  9    XL:     9   Next: 25%
Magic:  15/29      EV: 31    Int: 19    God:    Sif Muna [......]
Gold:   60         SH:  5    Dex: 15    Spells: 5/22 levels left

rFire   . . .        a - +0 trident
rCold   . . .        (no shield)
rNeg    . . .        m - +0 robe
rPois   +            (helmet restricted)
rElec   .            u - +0 cloak
rCorr   .            (no gloves)
SInv    .            (boots unavailable)
Will    .....        g - amulet of reflection
Stlth   ++           j - ring of poison resistance
HPRegen 0.27/turn    A - ring of magical power
MPRegen 0.21/turn

%: reflection, acrobat
@: acrobatic, flying
A: beak, talons 3, evasive flight, acrobatic
a: Renounce Religion


You were on level 7 of the Dungeon.
You worshipped Sif Muna.
Sif Muna was noncommittal.
You visited 2 branches of the dungeon, and saw 8 of its levels.

You collected 302 gold pieces.
You spent 242 gold pieces at shops.

Inventory:

Hand Weapons
 a - a +0 trident (weapon)
 c - a +0 dagger
Missiles
 f - 5 javelins
 n - 12 poisoned darts
 C - 5 boomerangs
 G - a curare-tipped dart
Armour
 m - a +0 robe (worn)
 u - a +0 cloak (worn)
 J - the +1 ring mail of Syndicalism {rPois Will- MP+9 Int+4}
   (You found it on level 6 of the Dungeon)

   Int+4:     It affects your intelligence (+4).
   rPois:     It protects you from poison Will-: It decreases your willpower.
   MP+9:      It affects your magic capacity (+9).
Jewellery
 g - an amulet of reflection (around neck)
 j - a ring of poison resistance (left hand)
 k - a ring of see invisible
 A - a ring of magical power (right hand)
Wands
 y - a wand of mindburst (12)
 z - a wand of flame (23)
 E - a wand of polymorph (11)
Scrolls
 e - a scroll of acquirement {unknown}
 h - 5 scrolls of identify
 i - a scroll of poison {unknown}
 l - 2 scrolls of fear
 o - 3 scrolls of immolation {unknown}
 p - 3 scrolls of teleportation {unknown}
 q - a scroll of silence {unknown}
 t - a scroll of brand weapon {unknown}
 v - 2 scrolls of vulnerability {unknown}
 x - a scroll of fog {unknown}
 F - a scroll of noise {unknown}
 H - a scroll of enchant armour {unknown}
Potions
 b - 2 potions of magic
 d - 2 potions of curing
 r - 2 potions of degeneration {unknown}
 s - 2 potions of attraction
 w - 5 potions of enlightenment
 B - a potion of haste {unknown}
 D - 2 potions of might {unknown}
 I - a potion of brilliance {unknown}
 K - a potion of heal wounds


   Skills:
 + Level 5.3 Polearms
 - Level 2.1 Dodging
 - Level 2.0 Stealth
 * Level 7.2 Spellcasting
 * Level 10.3 Summonings


You had 5 spell levels left.
You knew the following spells:

 Your Spells              Type           Power      Damage    Failure   Level
a - Summon Small Mammal   Summ           100%       N/A       1%          1
b - Call Imp              Summ           92%        N/A       1%          2
c - Call Canine Familiar  Summ           46%        N/A       1%          3
d - Summon Ice Beast      Ice/Summ       26%        N/A       3%          3
e - Summon Lightning Spi  Summ/Air       26%        N/A       12%         4
g - Summon Blazeheart Go  Fire/Summ      26%        N/A       12%         4

Your spell library contained the following spells:

 Spells                   Type           Power      Damage    Failure   Level
 Apportation              Tloc           12%        N/A       10%         1
 Slow                     Hex            24%        N/A       10%         1
 Jinxbite                 Hex            12%        N/A       16%         2
 Sublimation of Blood     Necr           6%         N/A       16%         2
 Confusing Touch          Hex            6%         N/A       30%         3
 Hailstorm                Conj/Ice       6%         3d5       30%         3
 Sigil of Binding         Hex            6%         N/A       30%         3
 Vampiric Draining        Necr           6%         2d6       30%         3
 Petrify                  Alch/Erth      6%         N/A       69%         4
 Alistair's Intoxication  Alch           4%         N/A       95%         5
 Irradiate                Conj/Alch      3%         3d12      95%         5
 Summon Hydra             Summ           23%        N/A       77%         7
 Sculpt Simulacrum        Ice/Alch       3%         N/A       100%        6


Dungeon Overview and Level Annotations

Branches:
Dungeon (7/15)             Temple (1/1) D:4

Altars:
Ashenzari
Cheibriados
Dithmenos
Elyvilon
Fedhas
Gozag
Hepliaklqana
Kikubaaqudgha
Nemelex Xobeh
Okawaru
Qazlal
Ru
Sif Muna
Trog
Uskayaw
Vehumet
Wu Jian
Xom
Yredelemnul
Zin
The Shining One

Shops:
D:3 ?![*!   D:4 (   D:5 *:

Annotations:
D:3 dig


Innate Abilities, Weirdness & Mutations

You have a beak for a mouth.
You have claws for feet.
Your magical flight helps you evade attacks. (EV +4)
You can magically evade attacks while moving or waiting.


Message History

The orc hits your blazeheart golem but does no damage.
Unknown command.
Casting: Summon Ice Beast (dangerous; 3% risk of failure)
Confirm with . or Enter, or press ? or * to list all spells.
Your canine familiar is too injured to answer your call.
Unknown command.
Unknown command.
Your lightning spire shoots out a bolt of lightning at the gargoyle!
The bolt of electricity hits the gargoyle but does no damage.
The orc hits your blazeheart golem but does no damage.
The orc hits your blazeheart golem with a +0 trident.
You reach to attack!
You hit the gargoyle.
The gargoyle is heavily damaged.
The gargoyle hurls a stone arrow at you.
The stone arrow misses you.
Your ice beast misses the orc.
Unknown command.
You reach to attack!
You closely miss the gargoyle.
The gargoyle is heavily damaged.
Your lightning spire disappears in a puff of smoke!
The orc throws a boomerang.
The boomerang hits you but does no damage.
Your ice beast barely misses the orc.
Unknown command.
The orc throws a boomerang.
The boomerang hits your ice beast.
Your ice beast hits the orc.
Your ice beast freezes the orc!
The orc dies!
Sif Muna accepts your kill.
Your familiar recovers from its injuries.
You block the orc's attack.
The gargoyle hits you with a +0 morningstar!!
Ouch! That really hurt!
Your ice beast hits the gargoyle but does no damage.
You block the orc's attack.
The gargoyle hits your ice beast with a +0 morningstar!
Your ice beast hits the gargoyle but does no damage.
Unknown command.
The orc hits your ice beast with a +0 trident!
The gargoyle hurls a stone arrow at you.
The stone arrow hits you!!
You die...

....... ...........##
............####
...............
.............#
..........9..#
.............#
.........)o..#
>.......@.Y<..##
............9...####
....................#
.................#####
..................#
..................#
..................#
.................##
.................#


You could see a gargoyle, an orc (ally target), a friendly blazeheart golem
(summoned, paralysed) and a friendly ice beast (summoned).

Vanquished Creatures
  An acid dragon (D:6)
  Duvessa (D:4)
  A black bear (D:6)
  A scorpion (D:5)
  A bombardier beetle (D:6)
  A hound (D:5)
  3 orc priests
  2 iguanas
  An orc wizard (D:4)
  2 adders (D:5)
  2 ribbon worms
  3 dart slugs
  14 orcs
  7 ball pythons
  5 bats
  2 endoplasms (D:3)
  2 giant cockroaches
  6 goblins
  5 hobgoblins
  3 jackals
  6 kobolds
  4 quokkas
  4 frilled lizards
  A rat (D:3)
78 creatures vanquished.

Vanquished Creatures (collateral kills)
  Pikel (D:6)
  Prince Ribbit (D:5)
  Sigmund (D:4)
  A water moccasin (D:6)
  3 lemures (D:6)
  A kobold brigand (D:5)
  A scorpion (D:6)
  Dowan (D:4)
  2 bombardier beetles
  A jelly (D:6)
  A sleepcap (D:5)
  2 iguanas (D:6)
  An orc wizard (D:4)
  2 adders (D:2)
  A shadow imp (D:4)
  2 ufetubi (D:4)
  4 orcs
  A goblin (D:4)
  2 hobgoblins
  2 jackals (D:4)
  A ball python (D:4)
  A frilled lizard (D:3)
  5 kobolds
  2 rats
40 creatures vanquished.

Grand Total: 118 creatures vanquished

Notes
Turn   | Place    | Note
-------+----------+-------------------------------------------
     0 | D:1      | mopl the Tengu Summoner began the quest for the Orb.
     0 | D:1      | Reached XP level 1. HP: 10/10 MP: 4/4
    42 | D:1      | Reached skill level 5 in Summonings
   166 | D:1      | Reached XP level 2. HP: 15/15 MP: 6/6
   169 | D:1      | Learned a level 2 spell: Call Imp
   613 | D:2      | Reached XP level 3. HP: 19/19 MP: 5/7
   625 | D:2      | Learned a level 3 spell: Call Canine Familiar
   758 | D:2      | Found a faded altar of an unknown god.
  1231 | D:3      | Found Leocso's Distillery.
  1234 | D:3      | Found Raoqu's Antique Armour Shop.
  1254 | D:3      | Bought a potion of attraction for 36 gold pieces
  1254 | D:3      | Bought a potion of curing for 36 gold pieces
  1292 | D:3      | Reached XP level 4. HP: 15/24 MP: 6/9
  1426 | D:3      | Reached skill level 1 in Polearms
  1426 | D:3      | Reached skill level 6 in Summonings
  1434 | D:3      | Learned a level 3 spell: Summon Ice Beast
  1455 | D:3      | Found Geloj's Magic Scroll Emporium.
  1480 | D:3      | Bought a scroll of fear for 40 gold pieces
  1545 | D:3      | Found Enofef's General Store.
  1672 | D:3      | Reached XP level 5. HP: 28/28 MP: 11/11
  1719 | D:3      | Found a glowing silver altar of Zin.
  1818 | D:3      | Found Buquroq's Distillery.
  1972 | D:4      | Noticed Sigmund
  1974 | D:4      | Found Xaodeyl's Weapon Boutique.
  1984 | D:4      | Killed Sigmund
  1985 | D:4      | Reached XP level 6. HP: 32/32 MP: 7/13
  2071 | D:4      | You fall into a shaft and drop 1 floor!
  2071 | D:5      | Entered Level 5 of the Dungeon
  2091 | D:5      | Reached skill level 7 in Summonings
  2184 | D:5      | Found Quot's Book Shop.
  2223 | D:5      | Found Kuoroere's CLEARANCE SALE!.
  2231 | D:5      | Bought a scroll of identify for 10 gold pieces
  2265 | D:5      | Gained mutation: Your magical flight helps you evade
                  | attacks. (EV +4) [Tengu growth]
  2265 | D:5      | Reached XP level 7. HP: 22/36 MP: 14/14
  3165 | D:4      | Reached skill level 5 in Spellcasting
  3221 | D:4      | Noticed Duvessa
  3239 | D:4      | Killed Duvessa
  3240 | D:4      | Reached skill level 8 in Summonings
  3242 | D:4      | Noticed Dowan
  3259 | D:4      | Killed Dowan
  3265 | D:4      | Found a staircase to the Ecumenical Temple.
  3270 | D:4      | Identified the +4 scale mail of the Dice {rElec Regen+}
  3279 | Temple   | Entered the Ecumenical Temple
  3284 | Temple   | Became a worshipper of Sif Muna the Loreminder
  3727 | D:3      | Bought a potion of enlightenment for 60 gold pieces
  3839 | D:6      | Learned a level 4 spell: Summon Blazeheart Golem
  3864 | D:6      | Noticed Prince Ribbit
  3911 | D:5      | Killed Prince Ribbit
  3912 | D:5      | Reached XP level 8. HP: 10/41 MP: 15/17
  4166 | D:6      | Reached skill level 9 in Summonings
  4301 | D:6      | Noticed Pikel
  4362 | D:6      | Killed Pikel
  4363 | D:6      | Reached skill level 5 in Polearms
  4363 | D:6      | Reached skill level 10 in Summonings
  4363 | D:6      | Reached XP level 9. HP: 14/45 MP: 11/20
  4483 | D:6      | Identified the +1 ring mail of Syndicalism {rPois Will-
                  | MP+9 Int+4}
  4827 | D:3      | Bought a potion of heal wounds for 60 gold pieces
  4893 | D:7      | Learned a level 4 spell: Summon Lightning Spire
  4900 | D:7      | Noticed a gargoyle
  4927 | D:7      | Killed from afar by a gargoyle

Illustrated notes

Levels and vault maps discovered:
D:1:      lightli_arrival_noodles, layout_loops_cross
D:2:      layout_basic, hellmonk_ecumenical_altar_crossroads,
          serial_bayou_pond_a, minmay_ruptured
D:3:      layout_basic, zin_treasury, serial_shops,
          nicolae_shop_window_shopping, shop, nicolae_shop_overgrown_old_shop,
          nicolae_shop_waterfront, nicolae_shop_rolled_up, serial_forest,
          infiniplex_forest_clump_diagonal, infiniplex_forest_clump_diagonal,
          infiniplex_forest_end_1, infiniplex_forest_straight_3,
          infiniplex_forest_lined_4_way, infiniplex_forest_straight_4,
          infiniplex_forest_straight_3, minmay_vboxes
D:4:      layout_basic, minmay_temple_entry_wispy, serial_shops,
          nicolae_shop_window_shopping, hangedman_abyss_or_decor_lesser_grid,
          chequers_arboretum, uniq_sigmund, uniq_duvessa
D:5:      layout_loops_ring, serial_shops, nicolae_square_shop,
          nicolae_shop_clearance
D:6:      layout_cave_pools, minmay_diced_spiral, uniq_pikel,
          uniq_prince_ribbit1
D:7:      layout_layer_cave, lemuel_doored_altar
Temple:   nicolae_temple_bog_church

Skill      XL: |  1  2  3  4  5  6  7  8  9 |
---------------+----------------------------+-----
Summonings     | 5 6 7 8 10 | 10.3
Spellcasting   | 3 4 5 6 7 |  7.2
Polearms       | 1 2 3 5 |  5.3
Dodging        | |  2.1
Stealth        | |  2.0

Action                     |  1- 3 |  4- 6 |  7- 9 || total
---------------------------+-------+-------+-------++-------
  Melee: Dagger            |    27 |       |       ||    27
         Kick              |    15 |    11 |    49 ||    75
         Peck              |     7 |     9 |    27 ||    43
         Unarmed           |     1 |       |     6 ||     7
         Trident           |    35 |    73 |   143 ||   251
         Punch             |     1 |       |     4 ||     5
   Cast: Call Imp          |     3 |     3 |    10 ||    16
         Call Canine Famil |       |     5 |    15 ||    20
         Summon Ice Beast  |       |       |    17 ||    17
         Summon Lightning  |       |       |     1 ||     1
         Summon Blazeheart |       |       |     1 ||     1
   Stab: Sleeping          |    10 |       |     2 ||    12
         Distracted        |       |     1 |     2 ||     3
 Armour: Robe              |    19 |    20 |    56 ||    95
  Dodge: Dodged            |    19 |    30 |    87 ||   136
  Block: Other             |     8 |    18 |    22 ||    48
